 Dungeon Crawl Stone Soup version 0.18-a0-1805-g8ab820f (webtiles) character file.

229 Mefis the Magician (level 5, -1/28 HPs)
             Began as a Deep Elf Wizard on Apr 26, 2016.
             Killed by nerve-wracking pain
             ... invoked by Grinder
              (4 damage)
             ... on level 4 of the Dungeon.
             The game lasted 00:16:22 (3200 turns).

Mefis the Magician (Deep Elf Wizard)                Turns: 3200, Time: 00:16:23

Health: -1/28      AC:  2    Str:  4    XL:     5   Next: 71%
Magic:  9/25       EV: 13    Int: 24    God:
Gold:   118        SH:  0    Dex: 13    Spells: 7 memorised, 2 levels left

rFire  . . .     SeeInvis .     k - +0 hunting sling
rCold  . . .     Gourm    .     a - +0 robe
rNeg   . . .     Faith    .     (no shield)
rPois  .         Spirit   .     b - +0 hat
rElec  .         Dismiss  .     (no cloak)
rCorr  .         Reflect  .     (no gloves)
SustAt .         Harm     .     (no boots)
MR     .....                    (no amulet)
Stlth  ++........               (no ring)
                                o - ring of magical power

@: repel missiles, not resistant to hostile enchantments, unstealthy
A: no striking features
a: no special abilities


You were on level 4 of the Dungeon.
You were not hungry.

You visited 1 branch of the dungeon, and saw 4 of its levels.

You collected 118 gold pieces.

Inventory:

Hand Weapons
 k - a +0 hunting sling (weapon)
Missiles
 e - 90 stones (quivered)
 j - 17 poisoned needles
Armour
 a - a +0 robe (worn)
 b - a +0 hat (worn)
Jewellery
 o - a ring of magical power (left hand)
Scrolls
 h - a scroll of remove curse
 i - 2 scrolls of identify
 l - a scroll of random uselessness
 m - 2 scrolls of magic mapping
 p - a scroll of amnesia
Potions
 n - 2 potions of flight
Books
 c - a book of Minor Magic

   Spells                             Type                      Level
   a - Magic Dart                     Conjuration                  1
   b - Blink                          Translocation                2
   c - Call Imp                       Summoning                    2
   d - Repel Missiles                 Charms/Air                   2
   e - Slow                           Hexes                        2
   f - Conjure Flame                  Conjuration/Fire             3
   g - Mephitic Cloud                 Conjuration/Poison/Air       3
Comestibles
 d - a bread ration
 f - a fruit
 g - 2 beef jerkies


   Skills:
 + Level 0.4 Fighting
 + Level 0.2(0.3) Slings
 + Level 0.2(0.3) Throwing
 + Level 3.0 Dodging
 + Level 3.1 Stealth
 + Level 6.7 Spellcasting
 + Level 2.5 Conjurations
 * Level 1.1 Hexes
 + Level 0.4 Charms
 + Level 1.3 Summonings
 * Level 1.4 Translocations
 * Level 0.2 Fire Magic
 + Level 0.4 Air Magic
 * Level 1.0 Poison Magic


You had 2 spell levels left.
You knew the following spells:

 Your Spells              Type           Power        Failure   Level  Hunger
a - Magic Dart            Conj           ###.         2%          1    None
b - Call Imp              Summ           ##......     8%          2    None
c - Blink                 Tloc           N/A          8%          2    None
d - Repel Missiles        Chrm/Air       #.....       12%         2    None
e - Mephitic Cloud        Conj/Pois/Air  ##......     14%         3    None
f - Conjure Flame         Conj/Fire      ##......     14%         3    None
g - Slow                  Hex            ##......     10%         2    None


Dungeon Overview and Level Annotations

Branches:
Dungeon (4/15)
 Temple: D:4-7

Altars:
Ashenzari
Fedhas

Annotations:
D:4 Grinder


Message History

Your crimson imp blinks! x2
Casting: Call Imp
Confirm with . or Enter, or press ? or * to list all spells.
Aiming: Magic Dart
Press: ? - help, Shift-Dir - straight line, f/p - Grinder
Aim: Grinder (moderately wounded)
The magic dart hits Grinder.
Grinder is moderately wounded.
Your crimson imp blinks!
Grinder says, "Are you a fish?" Grinder hits you.
You writhe in agony.
Casting: Magic Dart
Confirm with . or Enter, or press ? or * to list all spells.
You blink.
Grinder gestures at you. Pain shoots through your body!
* * * LOW HITPOINT WARNING * * *
Grinder gestures at you. Pain shoots through your body!
You die...

################
#............@.##
#...........<..>##
#................#
#.......)5.5..5..#
#.............5..#
#................#
####..(.............#
§...................#
§...........).......#


You could see Grinder and 3 friendly crimson imps.

Vanquished Creatures
  An orc priest (D:4)
  Natasha (twice) (D:2)
  An orc wizard (D:4)
  4 adders (D:2)
  An ooze (D:1)
  A worm (D:4)
  A dart slug (D:2)
  4 giant geckos
  5 orcs
  3 giant cockroaches
  4 goblins
  6 hobgoblins
  2 jackals
  10 bats
  4 giant newts
  6 kobolds
  5 rats
60 creatures vanquished.

Vanquished Creatures (collateral kills)
  Natasha (D:2)
  2 jackals (D:2)
  A rat (D:2)
4 creatures vanquished.

Grand Total: 64 creatures vanquished

Notes
Turn   | Place    | Note
--------------------------------------------------------------
     0 | D:1      | Mefis the Deep Elf Wizard began the quest for the Orb.
     0 | D:1      | Reached XP level 1. HP: 10/10 MP: 7/7
   243 | D:1      | Reached XP level 2. HP: 8/15 MP: 5/9
   255 | D:1      | Reached skill level 5 in Spellcasting
   331 | D:1      | Learned a level 2 spell: Call Imp
   334 | D:1      | Learned a level 2 spell: Blink
   337 | D:1      | Learned a level 2 spell: Repel Missiles
   877 | D:2      | Noticed Natasha
   886 | D:2      | Reached XP level 3. HP: 19/19 MP: 7/12
   892 | D:2      | Learned a level 3 spell: Mephitic Cloud
  1127 | D:2      | Killed Natasha
  1127 | D:2      | Reached skill level 6 in Spellcasting
  1127 | D:2      | Reached XP level 4. HP: 13/24 MP: 5/14
  1486 | D:2      | Noticed Natasha
  1519 | D:2      | Killed Natasha
  1676 | D:2      | Noticed Natasha
  1683 | D:2      | Killed Natasha
  1683 | D:2      | Reached XP level 5. HP: 28/28 MP: 6/15
  1688 | D:2      | Learned a level 3 spell: Conjure Flame
  1691 | D:2      | Learned a level 2 spell: Slow
  1982 | D:3      | Found a faded altar to an unknown god.
  2228 | D:3      | Found a shattered altar of Ashenzari.
  2483 | D:3      | Found a blossoming altar of Fedhas.
  3174 | D:4      | Noticed Grinder
  3180 | D:4      | Paralysed by Grinder for 3 turns
  3187 | D:4      | Reached skill level 1 in Hexes
  3187 | D:4      | Reached skill level 1 in Poison Magic
  3200 | D:4      | Killed from afar by Grinder

Vault maps used:
D:1:      ncdulo_watergridlock, serial_curves, eino_curves_04, eino_curves_02,
          fountainhead
D:2:      uniq_natasha
D:3:      nicolae_overflow_crystal_walls, lemuel_crystal_altar,
          ecumenical_altar_1, first_bread, patterned_corridor
D:4:      uniq_grinder, uniq_sigmund

Skill      XL: |  1  2  3  4  5 |
---------------+----------------+-----
Spellcasting   | 5 6 |  6.7
Conjurations   | 2 |  2.5
Dodging        | 3 |  3.0
Stealth        | 3 |  3.1
Hexes          | 1 |  1.1
Poison Magic   | 1 |  1.0
Fighting       | |  0.4
Slings         | |  0.2
Throwing       | |  0.2
Charms         | |  0.4
Summonings     | |  1.3
Translocations | |  1.4
Fire Magic     | |  0.2
Air Magic      | |  0.4

Action                   |  1- 3 |  4- 6 || total
-------------------------+-------+-------++-------
Melee: Unarmed           |       |     5 ||     5
 Fire: Hunting sling     |       |    17 ||    17
Throw: Stone             |     8 |       ||     8
 Cast: Magic Dart        |    65 |   100 ||   165
       Repel Missiles    |     1 |       ||     1
       Mephitic Cloud    |     2 |    13 ||    15
       Call Imp          |       |     7 ||     7
       Conjure Flame     |       |     2 ||     2
       Blink             |       |     2 ||     2
  Use: Scroll            |       |     6 ||     6
  Eat: Chunk             |       |     3 ||     3
       Bread ration      |       |     1 ||     1
Armor: Robe              |     2 |     7 ||     9
Dodge: Dodged            |    15 |    23 ||    38
